General information
- name: BNet
- type: Ladder team game (AT/RT)
- host: Battle.net
- saver: AmericanTower
map: Cherryville
- players: 8
- length: 27:27
- speed: Fast
- version: 1.27 W3XP
- replay type: Public
» download(204 KB)
Players
team 1 (winner)

»
Docsnoop (
blue | 68 APM | 1855 actions | 27:27)
9 Archmage
3 Summon Water Elemental
3 Brilliance Aura
1 Mass Teleport
2 Blizzard
» actions
| Assign group hotkey | 49 | |
| Build / train | 87 | |
| Enter build submenu | 25 | |
| Enter hero's abilities submenu | 10 | |
| Give item / drop item | 2 | |
| Remove unit from queue | 1 | |
| Right click | 581 | |
| Select / deselect | 543 | |
| Select group hotkey | 459 | |
| Use ability | 98 | |
1855 total
» units
| Peasant | 22 | |
| Rifleman | 7 | |
| Knight | 5 | |
| Gryphon Rider | 15 | |
49 total
» upgrades
| Lumber Harvesting | 2 | |
| Swords | 3 | |
| Storm Hammers | 1 | |
| Armor | 1 | |
7 total
» buildings
| Altar of Kings | 1 | |
| Farm | 12 | |
| Blacksmith | 1 | |
| Barracks | 1 | |
| Arcane Vault | 1 | |
| Lumber Mill | 1 | |
| Keep | 1 | |
| Town Hall | 1 | |
| Castle | 1 | |
| Scout Tower | 3 | |
| Guard Tower | 3 | |
| Gryphon Aviary | 3 | |
29 total
» build order
00:07 Altar of Kings
00:09 Farm
00:30 Blacksmith
01:28 Barracks
01:33 Farm
02:10 Arcane Vault
02:24 Farm
03:13 Lumber Mill
03:19 Farm
04:06 Keep
04:11 Farm
06:03 Town Hall
06:28 Castle
07:16 Farm
07:20 Scout Tower
07:55 Scout Tower
07:57 Guard Tower
08:29 Scout Tower
08:41 Gryphon Aviary
08:53 Guard Tower
09:32 Gryphon Aviary
09:39 Farm
09:46 Guard Tower
10:49 Gryphon Aviary
11:50 Farm
11:54 Farm
11:55 Farm
14:24 Farm
18:18 Farm
» items
| Scroll of Regeneration | 5 | |
| Lesser Clarity Potion | 2 | |
| Scroll of Town Portal | 4 | |
| Potion of Healing | 4 | |
15 total
CripWalker (
green | 59 APM | 1609 actions | 27:27)
6 Death Knight
3 Death Coil
3 Unholy Aura
» actions
| Assign group hotkey | 40 | |
| Basic commands | 221 | |
| Build / train | 122 | |
| ESC pressed | 1 | |
| Enter build submenu | 30 | |
| Enter hero's abilities submenu | 6 | |
| Give item / drop item | 3 | |
| Right click | 174 | |
| Select / deselect | 303 | |
| Select group hotkey | 613 | |
| Use ability | 96 | |
1609 total
» units
| Acolyte | 45 | |
| Ghoul | 10 | |
| Crypt Fiend | 12 | |
| Frost Wyrm | 6 | |
73 total
» upgrades
| Web | 1 | |
| Creature Attack | 2 | |
| Creature Carapace | 2 | |
| Freezing Breath | 1 | |
6 total
» buildings
| Crypt | 1 | |
| Ziggurat | 14 | |
| Altar of Darkness | 1 | |
| Graveyard | 1 | |
| Tomb of Relics | 1 | |
| Nerubian Tower | 3 | |
| Necropolis | 2 | |
| Halls of the Dead | 3 | |
| Black Citadel | 1 | |
| Sacrificial Pit | 1 | |
| Spirit Tower | 7 | |
| Boneyard | 3 | |
38 total
» build order
00:19 Crypt
00:24 Ziggurat
00:43 Altar of Darkness
01:09 Graveyard
01:22 Tomb of Relics
01:35 Ziggurat
02:01 Nerubian Tower
04:09 Necropolis
04:36 Ziggurat
05:03 Halls of the Dead
05:03 Halls of the Dead
05:03 Halls of the Dead
06:19 Ziggurat
06:51 Ziggurat
06:55 Ziggurat
07:24 Nerubian Tower
07:27 Ziggurat
08:09 Black Citadel
08:12 Sacrificial Pit
08:50 Spirit Tower
08:52 Spirit Tower
09:35 Spirit Tower
09:38 Ziggurat
09:47 Spirit Tower
09:47 Spirit Tower
11:37 Boneyard
11:38 Boneyard
16:48 Boneyard
17:15 Ziggurat
20:59 Necropolis
21:37 Ziggurat
22:06 Ziggurat
22:08 Ziggurat
23:01 Ziggurat
24:41 Nerubian Tower
25:15 Spirit Tower
25:15 Spirit Tower
26:06 Ziggurat
» items
| Rod of Necromancy | 1 | |
| Scroll of Town Portal | 7 | |
| Potion of Healing | 2 | |
| Potion of Lesser Invulnerability | 1 | |
11 total
BananamOOn (
red | 54 APM | 1485 actions | 27:27)
8 Demon Hunter
3 Mana Burn
3 Evasion
1 Metamorphosis
1 Immolation
5 Keeper of the Grove
3 Entangling Roots
2 Thorns Aura
» actions
| Assign group hotkey | 46 | |
| Basic commands | 251 | |
| Build / train | 138 | |
| Enter build submenu | 20 | |
| Enter hero's abilities submenu | 13 | |
| Give item / drop item | 2 | |
| Remove unit from queue | 3 | |
| Right click | 334 | |
| Select / deselect | 261 | |
| Select group hotkey | 281 | |
| Use ability | 136 | |
1485 total
» units
| Wisp | 38 | |
| Archer | 20 | |
| Hippogryph | 21 | |
| Chimaera | 3 | |
82 total
» upgrades
| Improved Bows | 1 | |
| Hippogryph Taming | 1 | |
| Reinforced Hides | 2 | |
| Strength of the Wild | 2 | |
| Marksmanship | 1 | |
| Corrosive Breath | 1 | |
| Nature's Blessing | 1 | |
9 total
» buildings
| Moon Well | 5 | |
| Altar of Elders | 1 | |
| Ancient of War | 2 | |
| Tree of Ages | 3 | |
| Ancient of Wonders | 2 | |
| Hunter's Hall | 1 | |
| Ancient of Wind | 3 | |
| Tree of Eternity | 1 | |
| Ancient Protector | 1 | |
| Tree of Life | 2 | |
| Chimaera Roost | 2 | |
23 total
» build order
00:50 Moon Well
01:00 Altar of Elders
01:28 Ancient of War
01:54 Moon Well
02:22 Ancient of War
02:57 Moon Well
05:28 Tree of Ages
05:28 Tree of Ages
05:29 Tree of Ages
06:32 Ancient of Wonders
06:49 Hunter's Hall
07:44 Moon Well
08:44 Ancient of Wind
10:08 Tree of Eternity
10:12 Ancient of Wind
10:40 Moon Well
11:32 Ancient Protector
12:39 Tree of Life
17:01 Chimaera Roost
17:05 Chimaera Roost
23:13 Ancient of Wind
23:55 Ancient of Wonders
24:31 Tree of Life
» items
| Scroll of Regeneration | 4 | |
| Scroll of Town Portal | 9 | |
| Potion of Healing | 7 | |
| Potion of Lesser Invulnerability | 1 | |
| Potion of Invisibility | 1 | |
| Orb of Fire | 1 | |
| Orb of Venom | 1 | |
24 total
kaloryferpralka (
purple | 66 APM | 1806 actions | 27:27)
6 Archmage
3 Summon Water Elemental
2 Brilliance Aura
1 Mass Teleport
4 Blood Mage
2 Flame Strike
2 Siphon Mana
» actions
| Assign group hotkey | 188 | |
| Basic commands | 98 | |
| Build / train | 126 | |
| Enter build submenu | 43 | |
| Enter hero's abilities submenu | 10 | |
| Give item / drop item | 1 | |
| Remove unit from queue | 25 | |
| Right click | 652 | |
| Select / deselect | 340 | |
| Select group hotkey | 194 | |
| Use ability | 129 | |
1806 total
» units
| Peasant | 31 | |
| Footman | 16 | |
| Rifleman | -1 | |
| Dragonhawk Rider | 1 | |
| Assassin | 1 | |
| Kobold Geomancer | 1 | |
49 total
» upgrades
| Masonry | 1 | |
| Defend | 1 | |
| Storm Hammers | 1 | |
| Swords | 2 | |
| Armor | 2 | |
7 total
» buildings
| Altar of Kings | 1 | |
| Barracks | 2 | |
| Farm | 13 | |
| Scout Tower | 20 | |
| Arcane Tower | 4 | |
| Lumber Mill | 1 | |
| Town Hall | 1 | |
| Guard Tower | 17 | |
| Arcane Vault | 1 | |
| Keep | 2 | |
| Blacksmith | 1 | |
| Castle | 3 | |
| Gryphon Aviary | 2 | |
68 total
» build order
00:10 Altar of Kings
00:21 Barracks
00:36 Farm
00:52 Farm
01:47 Farm
02:06 Scout Tower
03:32 Arcane Tower
03:36 Lumber Mill
03:52 Town Hall
04:02 Scout Tower
04:38 Guard Tower
04:38 Guard Tower
04:39 Guard Tower
04:53 Arcane Vault
05:13 Scout Tower
05:27 Scout Tower
05:29 Scout Tower
05:45 Guard Tower
06:14 Arcane Tower
06:48 Keep
06:48 Keep
07:01 Guard Tower
07:19 Blacksmith
08:12 Keep
08:21 Scout Tower
08:24 Scout Tower
08:25 Scout Tower
08:39 Scout Tower
08:40 Scout Tower
08:41 Scout Tower
08:42 Scout Tower
09:09 Castle
09:09 Castle
09:39 Guard Tower
09:39 Guard Tower
09:48 Gryphon Aviary
09:51 Gryphon Aviary
09:58 Guard Tower
10:26 Scout Tower
10:30 Guard Tower
10:30 Guard Tower
10:50 Guard Tower
10:50 Guard Tower
11:26 Farm
11:27 Farm
11:27 Farm
11:27 Farm
11:28 Farm
11:28 Farm
12:35 Guard Tower
12:41 Farm
12:44 Farm
14:29 Scout Tower
16:36 Scout Tower
16:38 Scout Tower
17:14 Arcane Tower
18:08 Arcane Tower
21:40 Guard Tower
27:08 Farm
27:10 Farm
27:14 Barracks
27:17 Scout Tower
27:17 Scout Tower
27:18 Scout Tower
27:21 Scout Tower
» items
| Scroll of Regeneration | 1 | |
| Lesser Clarity Potion | 1 | |
| Scroll of Town Portal | 4 | |
6 total
team 2 (loser)

»
RememberMyName (
orange | 43 APM | 125 actions | 02:55)
» actions
| Assign group hotkey | 2 | |
| Build / train | 6 | |
| Enter build submenu | 6 | |
| Right click | 50 | |
| Select / deselect | 55 | |
| Use ability | 6 | |
125 total
» units
| Acolyte | 2 | |
| Ghoul | 1 | |
| Crypt Fiend | 2 | |
5 total
» buildings
| Graveyard | 1 | |
| Crypt | 1 | |
| Altar of Darkness | 1 | |
| Ziggurat | 2 | |
| Tomb of Relics | 1 | |
6 total
» build order
00:11 Graveyard
00:16 Crypt
00:45 Altar of Darkness
01:09 Ziggurat
01:20 Ziggurat
01:53 Tomb of Relics

»
3apa3a (
pink | 103 APM | 2688 actions | 26:04)
6 Lich
3 Frost Nova
2 Frost Armor
1 Death and Decay
5 Death Knight
3 Unholy Aura
2 Death Coil
» actions
| Assign group hotkey | 46 | |
| Basic commands | 9 | |
| Build / train | 103 | |
| Enter build submenu | 20 | |
| Enter hero's abilities submenu | 13 | |
| Right click | 1018 | |
| Select / deselect | 556 | |
| Select group hotkey | 830 | |
| Use ability | 93 | |
2688 total
» units
| Acolyte | 2 | |
| Ghoul | 4 | |
| Crypt Fiend | 32 | |
| Frost Wyrm | 12 | |
| Gargoyle | 13 | |
63 total
» upgrades
| Creature Attack | 6 | |
| Creature Carapace | 5 | |
| Web | 1 | |
| Freezing Breath | 1 | |
13 total
» buildings
| Crypt | 3 | |
| Altar of Darkness | 1 | |
| Ziggurat | 11 | |
| Tomb of Relics | 1 | |
| Graveyard | 1 | |
| Halls of the Dead | 2 | |
| Black Citadel | 2 | |
| Sacrificial Pit | 1 | |
| Boneyard | 4 | |
26 total
» build order
00:51 Crypt
00:55 Altar of Darkness
01:00 Ziggurat
01:05 Tomb of Relics
01:16 Graveyard
01:32 Ziggurat
02:13 Ziggurat
03:48 Ziggurat
04:27 Halls of the Dead
06:45 Halls of the Dead
06:52 Black Citadel
07:05 Sacrificial Pit
07:39 Ziggurat
07:40 Ziggurat
07:59 Ziggurat
10:28 Boneyard
10:29 Boneyard
10:31 Boneyard
11:38 Boneyard
11:53 Ziggurat
11:57 Ziggurat
17:19 Black Citadel
21:29 Crypt
21:51 Crypt
21:56 Ziggurat
21:56 Ziggurat
» items
| Rod of Necromancy | 2 | |
| Potion of Healing | 3 | |
| Potion of Mana | 2 | |
| Scroll of Town Portal | 1 | |
8 total
AmericanTower (
teal | 45 APM | 1242 actions | 27:27)
10 Blood Mage
3 Flame Strike
3 Siphon Mana
1 Summon Phoenix
3 Banish
» actions
| Assign group hotkey | 63 | |
| Basic commands | 14 | |
| Build / train | 94 | |
| Enter build submenu | 33 | |
| Enter hero's abilities submenu | 9 | |
| Give item / drop item | 2 | |
| Right click | 429 | |
| Select / deselect | 304 | |
| Select group hotkey | 158 | |
| Use ability | 136 | |
1242 total
» units
| Peasant | 17 | |
| Footman | 4 | |
| Goblin Shredder | 1 | |
| Sorceress | 3 | |
| Dragonhawk Rider | 5 | |
| Goblin Sapper | 2 | |
32 total
» upgrades
| Masonry | 3 | |
| Sorceress Training | 1 | |
| Magic Sentry | 1 | |
| Swords | 3 | |
| Armor | 3 | |
| Animal War Training | 1 | |
| Storm Hammers | 1 | |
| Cloud | 1 | |
14 total
» buildings
| Altar of Kings | 1 | |
| Barracks | 1 | |
| Farm | 7 | |
| Scout Tower | 15 | |
| Arcane Tower | 1 | |
| Keep | 1 | |
| Lumber Mill | 1 | |
| Town Hall | 2 | |
| Arcane Vault | 1 | |
| Guard Tower | 4 | |
| Arcane Sanctum | 1 | |
| Castle | 1 | |
| Gryphon Aviary | 4 | |
| Blacksmith | 2 | |
| Spirit Tower | 2 | |
44 total
» build order
00:40 Altar of Kings
00:41 Barracks
00:50 Farm
00:54 Farm
01:05 Farm
01:33 Farm
02:08 Scout Tower
03:12 Arcane Tower
03:36 Keep
03:53 Lumber Mill
04:16 Town Hall
04:21 Scout Tower
04:26 Scout Tower
04:30 Scout Tower
04:32 Scout Tower
04:44 Arcane Vault
05:03 Guard Tower
05:10 Guard Tower
05:48 Guard Tower
06:48 Arcane Sanctum
08:31 Castle
08:36 Scout Tower
08:36 Scout Tower
08:37 Scout Tower
08:38 Scout Tower
08:39 Scout Tower
08:40 Scout Tower
08:41 Scout Tower
08:42 Scout Tower
08:43 Scout Tower
08:44 Scout Tower
10:27 Guard Tower
10:31 Gryphon Aviary
10:32 Gryphon Aviary
10:33 Gryphon Aviary
10:42 Farm
11:09 Blacksmith
11:11 Blacksmith
11:16 Gryphon Aviary
11:34 Spirit Tower
11:35 Spirit Tower
14:35 Farm
14:37 Farm
20:08 Town Hall
» items
| Scroll of Regeneration | 6 | |
| Mechanical Critter | 2 | |
| Staff of Teleportation | 1 | |
| Potion of Invisibility | 2 | |
| Potion of Mana | 5 | |
| Potion of Healing | 5 | |
| Scroll of Town Portal | 5 | |
| Lesser Clarity Potion | 2 | |
28 total
SuMmRcOoL (
yellow | 95 APM | 2510 actions | 26:24)
6 Blademaster
2 Wind Walk
3 Critical Strike
1 Bladestorm
2 Death Knight
2 Death Coil
6 Tauren Chieftain
2 Endurance Aura
3 Shockwave
1 Reincarnation
» actions
| Assign group hotkey | 28 | |
| Basic commands | 1 | |
| Build / train | 70 | |
| Enter build submenu | 20 | |
| Enter hero's abilities submenu | 14 | |
| Give item / drop item | 3 | |
| Remove unit from queue | 2 | |
| Right click | 1494 | |
| Select / deselect | 515 | |
| Select group hotkey | 216 | |
| Use ability | 147 | |
2510 total
» units
» upgrades
| Melee Weapons | 2 | |
| Pillage | 1 | |
| Ensnare | 1 | |
| Armor | 2 | |
| Reinforced Defenses | 1 | |
7 total
» buildings
| Altar of Storms | 1 | |
| Orc Burrow | 10 | |
| Voodoo Lounge | 1 | |
| War Mill | 1 | |
| Stronghold | 1 | |
| Beastiary | 3 | |
| Ziggurat | 2 | |
| Fortress | 1 | |
| Sacrificial Pit | 1 | |
21 total
» build order
00:05 Altar of Storms
00:09 Orc Burrow
00:52 Voodoo Lounge
01:47 War Mill
02:59 Stronghold
03:45 Orc Burrow
03:46 Orc Burrow
05:25 Beastiary
05:27 Beastiary
05:34 Orc Burrow
06:02 Ziggurat
06:03 Ziggurat
07:21 Fortress
08:45 Sacrificial Pit
09:56 Beastiary
11:39 Orc Burrow
11:40 Orc Burrow
18:07 Orc Burrow
20:02 Orc Burrow
20:04 Orc Burrow
20:06 Orc Burrow
» items
| Healing Salve | 6 | |
| Lesser Clarity Potion | 4 | |
| Scroll of Speed | 3 | |
| Orb of Corruption | 1 | |
| Scroll of Town Portal | 2 | |
| Tiny Great Hall | 1 | |
17 total
Chat log
(00:36 / Allies) 3apa3a: gold100pliz
(00:56 / Allies) AmericanTower: stop dling porn
(01:12 / All) CripWalker: ,??
(01:19 / Allies) AmericanTower: why you unpause when ally pause
(01:25 / Allies) SuMmRcOoL: cause i dont care
(01:36 / Allies) AmericanTower: dickwad
(01:53 / Allies) AmericanTower: turn off torrents
(02:48 / Allies) AmericanTower: jesus
(02:52 / Allies) RememberMyName: WTF
(02:54 / All) Docsnoop: fuck !
(03:04 / All) AmericanTower: what a homo
(07:12 / Allies) SuMmRcOoL: anyone wanna go with me
(07:13 / Allies) SuMmRcOoL: push?
(07:16 / Allies) SuMmRcOoL: waith raiders
(09:13 / Allies) AmericanTower: protect the death knight
(09:35 / Allies) AmericanTower: -_-
(09:37 / Allies) AmericanTower: wait green
(09:39 / Allies) AmericanTower: or hit blue
(12:14 / All) AmericanTower: n1 mher
(13:33 / Allies) AmericanTower: it goes thru the motion of fire
(13:37 / Allies) AmericanTower: then doesn't do it beacuse of mana tower
(14:22 / Allies) SuMmRcOoL: cant win it
(14:29 / Allies) SuMmRcOoL: this moo ornage cost us thea game
(14:34 / Allies) SuMmRcOoL: mofo
(14:53 / Allies) AmericanTower: it's not over
(15:05 / Allies) AmericanTower: back
(15:12 / Allies) AmericanTower: holy shit pink you're terrible
(15:16 / Allies) AmericanTower: did yo ufucking cancel
(15:18 / Allies) AmericanTower: the fucking towers
(15:19 / Allies) AmericanTower: I started
(15:27 / Allies) AmericanTower: retarded motherfucker
(15:49 / Allies) AmericanTower: I coulda pooled resources
(17:11 / Allies) AmericanTower: i got cloud
(18:25 / Allies) SuMmRcOoL: bad defense blue
(20:56 / Allies) AmericanTower: out
(20:57 / Allies) AmericanTower: out
(20:57 / Allies) AmericanTower: out
(21:17 / Allies) AmericanTower: told ya out
(23:51 / Allies) AmericanTower: clear
(23:51 / Allies) AmericanTower: and
(24:22 / All) AmericanTower: SHIT
(24:23 / All) AmericanTower: SHIT
(24:24 / Allies) SuMmRcOoL: gg
(24:28 / All) AmericanTower: I CAN:"T CONTROL
(24:29 / All) AmericanTower: SHIFT KEY
(24:35 / All) AmericanTower: TOP MY HERO
(24:36 / All) AmericanTower: TP MY HERO
(24:38 / All) AmericanTower: FUCK
(24:49 / All) AmericanTower: I HAVE TO REBOOT LOL
(24:55 / All) AmericanTower: SIE MY DHAWK
(24:58 / All) AmericanTower: USE MY DHAW
(25:05 / All) AmericanTower: SDFSDUIFSDAF
(25:07 / All) AmericanTower: FUCKING SHIT
(25:09 / All) AmericanTower: |THIS IS BULLSHIT
(25:12 / All) AmericanTower: WE FUCKING WON
(26:15 / All) AmericanTower: DAMN
(26:25 / All) AmericanTower: WOW
(26:27 / All) AmericanTower: U GOT LUCKY
(26:29 / All) AmericanTower: I GOTTA REBOOT
(26:33 / All) AmericanTower: IN ORDER TO TURN THIS SHIT OFF
(26:42 / All) AmericanTower: dfdf
(26:47 / All) AmericanTower: DD
(26:54 / All) AmericanTower: YEP PERMANENT SHIFT UNTIL I REBOOT
(27:00 / All) AmericanTower: SECOND TIME IT DID THIS TO ME
(27:04 / All) AmericanTower: STICKY KEYS IS TURNED OFF
(27:10 / All) AmericanTower: THIS MAKES ME SO ANGRY
(27:21 / All) AmericanTower: I HAVE TWO POINT FOUR K GOLD